 Dungeon Crawl Stone Soup version 0.13-a0-2450-ga447c6a (webtiles) character file.

224 Rycklaryybbe the Sneak (level 4, -11/30 HPs)
             Began as a Vampire Necromancer on July 17, 2013.
             Mangled by an ice beast (12 damage)
             ... on Level 3 of the Dungeon.
             The game lasted 00:06:54 (2343 turns).

Rycklaryybbe the Sneak (Vampire Necromancer)        Turns: 2343, Time: 00:06:55

HP -11/30        AC  4     Str  8      XL: 4   Next: 18%
MP   6/8         EV 12     Int 17      God:
Gold 144         SH  0     Dex 14      Spells:  3 memorised,  1 level left

Res.Fire  : . . .   See Invis. : +   l - +3,+1 orc hand axe
Res.Cold  : . . .   Warding    : .   h - +2 orc robe (curse)
Life Prot.: . . .   Conserve   : .   (no shield)
Res.Poison: .       Res.Corr.  : .   (no helmet)
Res.Elec. : .       Clarity    : .   (no cloak)
Sust.Abil.: . .     Spirit.Shd : .   (no gloves)
Res.Mut.  : .       Stasis     : .   (no boots)
Res.Rott. : .       Flight     : .   (no amulet)
Saprovore : . . .                    (no ring)
                                     (no ring)

@: regenerating quickly, slightly resistant to hostile enchantments, quite
stealthy
A: fangs 3, see invisible, unbreathing
a: no special abilities


You were on level 3 of the Dungeon.
You were full.

You visited 1 branch of the dungeon, and saw 3 of its levels.

You collected 124 gold pieces.

Inventory:

Hand weapons
 e - a +0,+1 orcish mace
 l - a +3,+1 orcish hand axe (weapon)
 s - a -1,-3 dagger
Missiles
 m - 6 javelins (quivered)
 u - 4 poisoned darts
Armour
 a - a +0 robe
 h - a cursed +2 orcish robe (worn)
Scrolls
 g - 2 scrolls of identify {unknown}
 j - 2 scrolls of remove curse
 q - a scroll of fear {unknown}
 t - a scroll of teleportation {unknown}
 v - a scroll of noise {unknown}
 x - a scroll of recharging {unknown}
Jewellery
 i - an uncursed ring of flight {unknown}
 w - an uncursed ring of positive energy {unknown}
Potions
 c - a potion of coagulated blood
 d - a potion of heal wounds {unknown}
 f - 2 potions of curing {unknown}
 k - a potion of flight {unknown}
 n - 2 potions of restore abilities {unknown}
 p - a potion of cure mutation {unknown}
 r - 3 potions of confusion {unknown}
Books
 b - a book of Necromancy

   Spells                             Type                      Level
   *Pain                              Necromancy                   1
   *Animate Skeleton                  Necromancy                   1
   *Lethal Infusion                   Charms/Necromancy            2
   Vampiric Draining                  Necromancy                   3
   Regeneration                       Charms/Necromancy            3
   Animate Dead                       Necromancy                   4
   Control Undead                     Necromancy                   4


   Skills:
 - Level 2.1 Dodging
 + Level 6.3 Stealth
 - Level 1.0 Spellcasting
 - Level 4.9 Necromancy


You had one spell level left.
You knew the following spells:

 Your Spells              Type           Power        Failure   Level  Hunger
a - Pain                  Necr           ###.         2%          1    ##.....
b - Lethal Infusion       Chrm/Necr      #.........   14%         2    ###....
c - Animate Skeleton      Necr           N/A          2%          1    ##.....


Dungeon Overview and Level Annotations

Branches:
Dungeon (3/27)

Altars:


Innate Abilities, Weirdness & Mutations

Your natural rate of healing is unusually fast.
You have razor-sharp teeth.*
You have supernaturally acute eyesight.
You can survive without breathing.*


Message History

The ice beast convulses in agony!
The goblin unwields an uncursed sling.
The goblin wields an uncursed dagger.
The goblin barely misses you.
The ice beast hits you but does no damage.
Casting: Pain
Confirm with . or Enter, or press ? or * to list all spells.
Aiming: Pain
Press: ? - help, Shift-Dir - straight line, f/p - ice beast
Aim: an ice beast (severely wounded)
The ice beast resists.
The ice beast completely misses you. The goblin misses you.
The giant newt hisses menacingly.
Read which item? (? for menu, Esc to quit)
None of your equipped items are cursed.
Read which item? (? for menu, Esc to quit)
As you read the scroll labeled CRYVAMP XOLOUW, it crumbles to dust.
Your +2 orcish robe glows black for a moment.
It was a scroll of curse armour.
The ice beast hits you.
* * * LOW HITPOINT WARNING * * *
The ice beast freezes you!
You die...

#### ..# ..# (.#
##.## . #...#
##...############
#...#
.......g@Igl....#
#...#
.....##########.#
#.... . #.# #.<..
#g# ##... #l#
#.## #.# #.#
####.# # ##.# #.#
#....# # b..#
######.# #....# #
...### #...##%#
#....#


You could see an ice beast, a hobgoblin, a goblin and a giant newt.

Vanquished Creatures
  4 adders (D:2)
  A worm (D:2)
  2 giant cockroaches
  4 hobgoblins
  A kobold (D:1)
  A quokka (D:2)
  7 bats
  4 giant newts
  9 goblins
  3 jackals (D:2)
  5 rats
41 creatures vanquished.

Vanquished Creatures (others)
  A kobold (D:1)
1 creature vanquished.

Grand Total: 42 creatures vanquished

Notes
Turn   | Place    | Note
--------------------------------------------------------------
     0 | D:1      | Rycklaryybbe, the Vampire Necromancer, began the quest for the Orb.
     0 | D:1      | Reached XP level 1. HP: 13/13 MP: 4/4
   379 | D:1      | Reached XP level 2. HP: 14/19 MP: 5/5
   383 | D:1      | Learned a level 2 spell: Lethal Infusion
   992 | D:2      | Reached XP level 3. HP: 18/24 MP: 6/6
  1012 | D:2      | Reached skill level 5 in Stealth
  1601 | D:2      | Learned a level 1 spell: Animate Skeleton
  1941 | D:2      | Reached skill level 6 in Stealth
  1941 | D:2      | Reached XP level 4. HP: 15/30 MP: 8/8
  2191 | D:3      | Noticed an ice beast
  2244 | D:3      | HP: 1/30 [ice beast (5)]
  2327 | D:3      | HP: 1/30 [ice beast (11)]
  2343 | D:3      | HP: 1/30 [ice beast (2)]
  2343 | D:3      | Mangled by an ice beast

Action                   |  1- 3 |  4- 6 || total
-------------------------+-------+-------++-------
Melee: Mace              |    46 |       ||    46
       Hand axe          |    60 |    29 ||    89
       Dagger            |    53 |       ||    53
 Cast: Pain              |     7 |     9 ||    16
       Lethal Infusion   |     2 |     1 ||     3
       Animate Skeleton  |     1 |       ||     1
  Use: Scroll            |     1 |     1 ||     2
 Stab: Sleeping          |     3 |     1 ||     4
